AoeStats
← crsstphrwekasldks

Highland

506912135Analyzed
4v4 RM · 16d ago on Sep 15, 2026· 84m 59s· 8 players
Game mode
Random Map
Map size
Large (8 player)
Population
200
Speed
Normal
Resources
Standard
Victory
Conquest
Starting age
Dark Age
Ending age
Imperial Age
RankedLock teamsTeams togetherTeam positionsShared explorationLock speedFull tech treeHidden civsTurbo modeCheats
Victory
Defeat
🇨🇭 Khmer · Switzerland
1071
+13
🇩🇪 Teutons · Germany
1070
+13
🇨🇦 Khmer · Canada
1006
+16
🇲🇽 Berbers · Mexico
973
+17
🇹🇷 Italians · Türkiye
1084
-18
🇹🇷 Turks · Türkiye
994
-14
🇹🇷 Ethiopians · Türkiye
991
-14
🇹🇷 Malay · Türkiye
962
-13
muhammedgulerydo
10:37 Feudal Age
8:53 Loom
13:06 Double-Bit Axe
16:11 Castle Age
15:07 Horse Collar
15:27 Gold Mining
18:27 Heavy Plow
21:18 Stone Mining
25:32 Stone Shaft Mining
26:38 Wheelbarrow
27:50 Bow Saw
28:00 Hand Cart
31:22 Imperial Age
29:32 Town Watch
30:03 Scale Barding Armor
30:02 Scale Mail Armor
30:03 Padded Archer Armor
29:53 Fletching
31:04 Chain Mail Armor
32:01 Ballistics
31:52 Fortified Wall
31:56 Fishing Lines
33:19 Bodkin Arrow
33:40 Leather Archer Armor
33:55 Plate Mail Armor
34:31 Chemistry
33:18 Arrowslits
33:24 Guard Tower
33:25 Heated Shot
33:15 Treadmill Crane
33:37 Arson
33:53 Squires
33:15 Pikeman
33:41 Arson
33:18 Pikeman
33:59 Squires
33:44 Arson
34:49 Town Patrol
35:19 Conscription
34:57 Elite Cannon Galleon
35:49 Medium Warships
35:54 Murder Holes
36:10 Masonry
37:33 Ring Archer Armor
37:04 Bracer
40:09 Onager
41:08 Scale Barding Armor
42:31 Heavy Warships
43:01 Pirotechnia
50:45 Caravan
51:16 Coinage
54:17 Architecture
54:23 Keep
54:09 Bombard Tower
54:01 Careening
61:41 Banking
62:19 Two-Man Saw
69:13 Light Cavalry
70:03 Bloodlines
69:52 Hussar
71:05 Chain Barding Armor
dgn.cihat
4:17 Loom
11:50 Feudal Age
13:15 Double-Bit Axe
16:56 Castle Age
15:34 Horse Collar
17:11 Crossbowman
19:45 Bow Saw
20:49 Fletching
22:01 Padded Archer Armor
24:33 Gold Mining
25:42 Thumb Ring
26:32 Town Watch
27:00 Heavy Plow
27:26 Stone Mining
28:36 Wheelbarrow
29:07 Squires
30:06 Bodkin Arrow
31:02 Hand Cart
32:10 Ballistics
32:43 Gold Shaft Mining
36:03 Imperial Age
34:32 Stone Shaft Mining
35:06 Town Patrol
36:45 Bracer
37:01 Leather Archer Armor
36:10 Halberdier
36:17 Capped Ram
37:39 Conscription
38:27 Two-Man Saw
37:02 Arbalester
37:59 Forging
38:27 Caravan
40:52 Ring Archer Armor
40:58 Iron Casting
40:29 Scale Barding Armor
40:25 Scale Mail Armor
41:57 Chemistry
41:58 Onager
43:55 Siege Engineers
43:24 Siege Onager
44:39 Guilds
45:23 Siege Ram
49:24 Coinage
51:12 Torsion Engines
51:29 Masonry
65:52 Architecture
65:19 Murder Holes
71:19 Blast Furnace
70:36 Chain Mail Armor
71:44 Elite Skirmisher
Luffy
5:18 Loom
12:20 Feudal Age
14:25 Wheelbarrow
16:02 Fishing Lines
19:13 Castle Age
17:45 Double-Bit Axe
19:16 Bow Saw
19:02 Horse Collar
21:08 Wheelbarrow
21:07 Heavy Plow
24:42 Hand Cart
24:25 Fishing Lines
25:18 Gillnets
30:54 Imperial Age
28:26 Gold Mining
28:36 Man-at-Arms
29:03 Arson
29:48 Forging
31:26 Iron Casting
30:51 Murder Holes
30:51 Long Swordsman
31:42 Two-Handed Swordsman
34:03 Forced Levy
35:02 Gold Shaft Mining
34:21 Fletching
36:39 Crop Rotation
37:34 Ballistics
40:49 Chemistry
40:01 Masonry
40:54 Blast Furnace
39:49 Bodkin Arrow
40:31 Pikeman
41:12 Squires
40:53 Elite Cannon Galleon
41:36 Town Watch
43:09 Halberdier
49:28 Elite Karambit Warrior
52:31 Siege Engineers
53:34 Caravan
56:33 Onager
61:28 Stone Mining
63:43 Bracer
63:26 Treadmill Crane
66:53 Scale Barding Armor
66:49 Padded Archer Armor
67:13 Bombard Tower
68:45 Medium Warships
69:07 Capped Ram
cevdetaybars
7:27 Loom
11:35 Feudal Age
16:34 Castle Age
16:28 Double-Bit Axe
16:30 Horse Collar
19:24 Bow Saw
20:27 Wheelbarrow
20:12 Heavy Plow
22:16 Gold Mining
24:06 Hand Cart
25:03 Gold Shaft Mining
26:14 Hand Cart
28:43 Imperial Age
26:56 Fishing Lines
27:23 Town Watch
28:31 Stone Mining
30:35 Two-Man Saw
30:19 Hand Cart
31:42 Fletching
31:54 Padded Archer Armor
31:24 Elite Cannon Galleon
33:10 Conscription
33:36 Hoardings
34:50 Bombard Tower
34:51 Ballistics
34:08 Elite Janissary
34:52 Artillery
35:57 Elite Janissary
36:43 Sappers
36:47 Heavy Scorpion
38:33 Bodkin Arrow
54:19 Bracer
54:35 Leather Archer Armor
57:21 Bloodlines
57:12 Husbandry
57:41 Scale Barding Armor
57:47 Forging
58:08 Ring Archer Armor
68:37 Caravan
69:15 Coinage
crsstphrwekasldks
4:58 Loom
10:41 Feudal Age
17:37 Castle Age
15:50 Horse Collar
16:10 Double-Bit Axe
16:55 Bloodlines
19:43 Bow Saw
21:41 Gold Mining
26:42 Heavy Plow
27:22 Gold Shaft Mining
27:26 Forging
33:15 Imperial Age
31:22 Wheelbarrow
31:28 Iron Casting
30:59 Scale Barding Armor
30:59 Husbandry
32:54 Hand Cart
33:10 Town Watch
33:19 Stone Mining
36:49 Blast Furnace
35:50 Scale Mail Armor
36:02 Elite Battle Elephant
37:37 Chain Barding Armor
37:23 Tusk Swords
39:09 Conscription
41:35 Ballistics
42:16 Chemistry
41:26 Double Crossbow
48:35 Elite Ballista Elephant
51:34 Caravan
52:04 Coinage
BearKing89
12:29 Feudal Age
17:05 Castle Age
16:16 Loom
16:30 Double-Bit Axe
17:18 Padded Archer Armor
18:42 Bow Saw
18:15 Horse Collar
24:45 Heavy Plow
28:30 Bloodlines
28:20 Husbandry
28:19 Fletching
30:11 Kasbah
30:06 Gold Mining
34:39 Gold Shaft Mining
36:53 Imperial Age
35:00 Wheelbarrow
36:00 Caravan
37:01 Elite Camel Archer
38:17 Hoardings
39:30 Chemistry
38:51 Ballistics
37:55 Heavy Camel Rider
39:33 Maghrebi Camels
40:40 Bodkin Arrow
41:01 Leather Archer Armor
43:50 Hand Cart
43:40 Bracer
48:08 Light Cavalry
50:03 Thumb Ring
80:18 Forging
80:13 Scale Barding Armor
80:39 Ring Archer Armor
80:40 Conscription
monkeyfromibiza
1:52 Loom
13:33 Feudal Age
14:51 Wheelbarrow
14:04 Double-Bit Axe
14:02 Horse Collar
14:20 Stone Mining
19:44 Castle Age
18:08 Gold Mining
20:54 Hand Cart
28:46 Bow Saw
30:40 Arson
30:42 Gambesons
31:04 Scale Mail Armor
32:19 Heavy Plow
32:36 Forging
34:17 Stone Shaft Mining
33:16 Pikeman
33:56 Squires
37:43 Imperial Age
35:02 Town Watch
35:20 Caravan
35:15 Man-at-Arms
38:42 Chain Mail Armor
39:03 Iron Casting
38:56 Elite Teutonic Knight
39:18 Long Swordsman
41:47 Elite Skirmisher
41:48 Crossbowman
41:55 Halberdier
41:56 Two-Handed Swordsman
42:53 Champion
44:07 Plate Mail Armor
44:34 Crop Rotation
44:38 Elite Genitour
47:08 Scale Barding Armor
48:04 Blast Furnace
48:11 Chain Barding Armor
49:06 Bloodlines
48:19 Cavalier
51:46 Chain Barding Armor
51:41 Paladin
RobinHood2783
5:35 Loom
12:47 Feudal Age
17:42 Castle Age
16:06 Double-Bit Axe
16:15 Stone Mining
17:13 Gold Mining
17:06 Horse Collar
18:43 Bow Saw
21:39 Wheelbarrow
22:17 Gold Shaft Mining
22:51 Hand Cart
23:39 Heavy Plow
29:52 Fortified Wall
34:11 Imperial Age
31:51 Tusk Swords
32:00 Husbandry
31:29 Light Cavalry
32:38 Bloodlines
32:48 Fletching
34:19 Ballistics
34:18 Bodkin Arrow
35:19 Bracer
37:11 Chemistry
35:44 Hussar
36:32 Scale Barding Armor
36:37 Forging
37:42 Elite Battle Elephant
38:46 Chain Barding Armor
42:11 Plate Barding Armor
43:08 Heavy Scorpion
44:16 Conscription
45:07 Capped Ram
46:02 Siege Ram
47:38 Iron Casting
48:01 Siege Engineers
50:08 Caravan
50:39 Coinage
54:41 Blast Furnace
54:14 Banking
67:33 Siege Ram
Connection lost

Rejoining the realm…

Still unreachable

The connection could not be restored.

Session expired

The server has moved on; the page needs a fresh start.